 Dungeon Crawl Stone Soup version 0.25.1-2-g60ff931df9 (webtiles) character file.

Game seed: 18091661358226197098

28645 FreshCat the Spear-Bearer (level 13, -7/93 HPs)
             Began as a Merfolk Chaos Knight on Sept 5, 2020.
             Was a Plaything of Xom.
             Mangled by an eight-headed hydra (10 damage)
             ... while petrified by a basilisk
             ... on level 3 of the Lair of Beasts on Sept 7, 2020.
             The game lasted 01:40:57 (15737 turns).

FreshCat the Spear-Bearer (Merfolk Chaos Knight)   Turns: 15737, Time: 01:40:58

Health: -7/93      AC: 15    Str: 16    XL:     13   Next: 40%
Magic:  16/16      EV:  2    Int: 11    God:    Xom [..*...]
Gold:   344        SH:  0    Dex: 24    Spells: 11/12 levels left

rFire    + + +     SeeInvis .   i - +1 trident (protect)
rCold    + . .     Gourm    .   J - +1 kite shield {rF+}
rNeg     + + +     Faith    .   R - +0 scale mail of the Depths {rPois rF++ Str-2 Dex+9} (curse)
rPois    ∞         Spirit   .   g - +0 helmet
rElec    .         Reflect  .   A - +1 cloak
rCorr    .         Harm     .   V - +1 pair of gloves
MR       .....                  e - +1 pair of boots
Stlth    ++++......             Q - amulet of magic regeneration
HPRegen  0.25/turn              n - +4 ring of slaying
MPRegen  0.40/turn              F - ring "Reonobogh" {rC+ Str+2}

@: brilliant, petrified, hasted
A: change form in water, swift swim, stealthy swim, claws 2, frail 1, high mp 1,
mutation resistance 1, MP-powered wands
a: Renounce Religion


You were on level 3 of the Lair of Beasts.
You worshipped Xom.
You were a toy of Xom.
You were not hungry.

You visited 3 branches of the dungeon, and saw 15 of its levels.

You collected 1019 gold pieces.
You spent 675 gold pieces at shops.

Inventory:

Hand Weapons
 a - a +0 spear of chaos
 i - a +1 trident of protection (weapon)
Missiles
 k - 5 silver javelins
 r - a datura-tipped dart (quivered)
 s - 8 boomerangs
 t - 16 poisoned darts
 v - 3 silver boomerangs
 T - 4 atropa-tipped darts
Armour
 e - a +1 pair of boots (worn)
 g - a +0 helmet (worn)
 A - a +1 cloak (worn)
 J - a +1 kite shield of fire resistance (worn)
 R - the cursed +0 scale mail of the Depths (worn) {rPois rF++ Str-2 Dex+9}
   (You found it on level 11 of the Dungeon)

   It affects your strength (-2).
   It affects your dexterity (+9).
   It greatly protects you from fire.
   It protects you from poison.
   It has a curse placed upon it.
 V - a +1 pair of gloves (worn)
Jewellery
 m - an uncursed ring of ice
 n - a +4 ring of slaying (left hand)
 F - the ring "Reonobogh" (right hand) {rC+ Str+2}
   (You took it off a crimson imp on level 11 of the Dungeon)

   [ring of protection from cold]

   It affects your strength (+2).
   It protects you from cold.
 Q - an amulet of magic regeneration (around neck)
Wands
 f - a wand of clouds (6)
 j - a wand of polymorph (5)
 y - a wand of iceblast (12)
 K - a wand of random effects (43)
 P - a wand of flame (14)
 X - a wand of acid (8)
Scrolls
 l - a scroll of magic mapping {unknown}
 u - a scroll of summoning {unknown}
 w - 5 scrolls of remove curse
 B - a scroll of fog {unknown}
 G - a scroll of enchant weapon {unknown}
 L - 2 scrolls of blinking
 N - 2 scrolls of fear
 Z - 2 scrolls of teleportation
Potions
 b - a potion of invisibility {unknown}
 p - 4 potions of stabbing
 q - a potion of haste
 z - a potion of might
 I - a potion of berserk rage
 O - 4 potions of curing
 W - a potion of degeneration {unknown}
Miscellaneous
 S - 2 phantom mirrors
 U - a tin of tremorstones (2/3)
Comestibles
 c - 43 rations
 d - 4 chunks of flesh


   Skills:
 + Level 10.6 Fighting
 + Level 14.6 Polearms
 + Level 9.4 Throwing
 + Level 6.4 Armour
 + Level 9.1 Dodging
 + Level 10.7 Stealth
 + Level 5.1 Shields
 + Level 2.2 Evocations


You had 11 spell levels left.
You knew the following spells:

 Your Spells              Type           Power        Failure   Level  Hunger
a - Summon Butterflies    Summ           #.......     99%         1    None

Your spell library contained the following spells:

 Spells                   Type           Power        Failure   Level  Hunger
 Apportation              Tloc           #.....       99%         1    None
 Magic Dart               Conj           #...         99%         1    None
 Summon Small Mammal      Summ           #...         99%         1    None
 Call Imp                 Summ           #.......     99%         2    None
 Searing Ray              Conj           #.....       99%         2    None
 Call Canine Familiar     Summ           #.......     100%        3    None
 Confusing Touch          Hex            #.......     100%        3    None
 Dazzling Flash           Conj/Hex       #.....       100%        3    None
 Gell's Gravitas          Tloc           #.........   100%        3    None
 Lesser Beckoning         Tloc           #.........   100%        3    None
 Summon Guardian Golem    Hex/Summ       #.......     100%        3    None
 Tukima's Dance           Hex            #.......     100%        3    None
 Fulminant Prism          Conj/Hex       #.........   100%        4    None
 Iskenderun's Mystic Bla  Conj/Tloc      #.......     100%        4    None
 Petrify                  Tmut/Erth      #.......     100%        4    None
 Summon Ice Beast         Ice/Summ       #.......     100%        4    None
 Summon Lightning Spire   Summ/Air       #.......     100%        4    None
 Alistair's Intoxication  Tmut/Pois      #.......     100%        5    None
 Metabolic Englaciation   Hex/Ice        #.........   100%        5    None
 Summon Mana Viper        Hex/Summ       #.......     100%        5    None
 Yara's Violent Unravell  Hex/Tmut       #.........   100%        5    None
 Invisibility             Hex            #.......     100%        6    None
 Summon Hydra             Summ           #.........   100%        7    None


Dungeon Overview and Level Annotations

Branches:
Dungeon (11/15)            Temple (1/1) D:5            Lair (3/6) D:11
  Swamp (0/4) Lair:2       Spider (0/4) Lair:2          Orc (0/2) D:10

Altars:
Ashenzari
Cheibriados
Dithmenos
Elyvilon
Fedhas
Gozag
Hepliaklqana
Kikubaaqudgha
Nemelex Xobeh
Qazlal
Ru
Sif Muna
Trog
Uskayaw
Vehumet
Wu Jian
Xom
Yredelemnul
Zin
The Shining One

Shops:
D:6 }   D:9 *


Innate Abilities, Weirdness & Mutations

You revert to your normal form in water.
You are very nimble and swift while swimming.
You are very stealthy in the water. (Stealth+)
You have very sharp fingernails.
You are frail. (-10% HP)
You have an increased reservoir of magic. (+10% MP)
You are somewhat resistant to further mutation.
You expend magic power (3 MP) to strengthen your wands.


Message History

The eight-headed hydra bites you!! The eight-headed hydra bites you!
The eight-headed hydra bites you but does no damage. x3
The eight-headed hydra bites you!
The eight-headed hydra bites you but does no damage.
The eight-headed hydra bites you!!
* * * LOW HITPOINT WARNING * * *
The eight-headed hydra bites you!
* * * LOW HITPOINT WARNING * * *
The eight-headed hydra bites you.
* * * LOW HITPOINT WARNING * * *
The eight-headed hydra bites you.
The eight-headed hydra bites you but does no damage.
The eight-headed hydra bites you!
* * * LOW HITPOINT WARNING * * *
The eight-headed hydra bites you!
* * * LOW HITPOINT WARNING * * *
The eight-headed hydra bites you.
* * * LOW HITPOINT WARNING * * *
The eight-headed hydra bites you!!
You die...

.##...##................ ##
#.....#............l.... ..♣.
#..........l......( ....
#....####.##....##. #P..##
<.#####..l..# ##.##...###
P....####...##÷...########...#
#
#....#......##.........*##...#
# ##....#.........D.......
#....# #
#.....##.....#P.@..##P.#
#....# # ##....####PP.#.....#
#.# ##...# #
.#....#######.P....##.+.#
#...#*# ......<...............
..,.....##
......................
,,........
.................[......
........
.....................(..
........
....<...................
,.....8 ......................
.8...


You could see a neutral eight-headed hydra (fast, strong, insane) and a neutral
basilisk (fast, strong, insane).

Vanquished Creatures
  Fannar (Lair:2)
  2 hydras (Lair:2)
  Erica (D:8)
  6 two-headed ogres
  3 unseen horrors
  A cyclops (D:11)
  An ugly thing (D:11)
  A black mamba (shapeshifter) (D:10)
  A black mamba (Lair:3)
  A gargoyle (D:11)
  3 spiny frogs (Lair:1)
  A rime drake (Lair:1)
  The ghost of lasso the Stinger, a novice DsVM (D:4)
  3 komodo dragons
  A freezing wraith (D:11)
  4 trolls
  A queen bee (Lair:1)
  2 bog bodies (Lair:2)
  A hornet (D:11)
  7 hippogriffs
  A wraith (D:11)
  3 wyverns
  A spriggan (D:7)
  2 redbacks (Lair:2)
  The ghost of Elvor the Shield-Bearer, an amateur MiFi of Okawaru (D:3)
  11 yaks
  2 basilisks
  A hungry ghost (D:11)
  2 acid dragons (D:11)
  4 water moccasins
  Duvessa (D:5)
  4 porcupines
  7 orc warriors
  3 ice beasts
  A black bear (shapeshifter) (Lair:1)
  4 phantoms
  2 necrophages
  2 centaurs
  8 ogres
  6 wolves
  2 crocodiles
  7 big kobolds
  8 bullfrogs
  A wyvern zombie (D:9)
  3 gnoll sergeants (D:10)
  Dowan (D:5)
  11 scorpions
  22 killer bees
  13 wights
  2 howler monkeys (D:9)
  8 crimson imps
  A centaur zombie (D:11)
  8 hounds
  3 jellies (D:8)
  A bullfrog skeleton (D:4)
  6 orc wizards
  7 orc priests
  Crazy Yiuf (D:5)
  4 centaur skeletons
  Natasha (twice) (D:4)
  5 iguanas
  10 worker ants
  A worker ant zombie (D:5)
  12 gnolls
  8 adders
  2 shadow imps
  3 oozes
  2 adder zombies
  An adder skeleton (D:4)
  4 dart slugs
  A leopard gecko (D:3)
  34 orcs
  2 ball pythons
  16 bats
  4 giant cockroaches
  8 goblins
  12 hobgoblins
  5 jackals
  7 quokkas
  4 frilled lizards
  2 gnoll zombies (D:6)
  20 kobolds
  5 rats
  A fungus (D:5)
388 creatures vanquished.

Vanquished Creatures (collateral kills)
  A hydra (Lair:2)
  2 basilisks (Lair:3)
  A big kobold (D:10)
  A gnoll sergeant (D:10)
  4 killer bees (Lair:1)
  A plant (Lair:1)
10 creatures vanquished.

Vanquished Creatures (others)
  A dancing weapon (D:10)
  A hornet (D:11)
  A centaur (D:8)
  A bullfrog (D:11)
  2 jellies
  An iguana (D:11)
  A leopard gecko (D:8)
  A kobold (D:11)
  4 fungi
  4 plants (Lair:2)
17 creatures vanquished.

Grand Total: 415 creatures vanquished

Notes
Turn   | Place    | Note
-------+----------+-------------------------------------------
     0 | D:1      | FreshCat the Merfolk Chaos Knight began the quest for the
                  | Orb.
     0 | D:1      | Reached XP level 1. HP: 18/18 MP: 1/1
    32 | D:1      | XOM: divination: detect items
    83 | D:1      | Reached skill level 5 in Polearms
    83 | D:1      | Reached XP level 2. HP: 24/24 MP: 2/2
   465 | D:1      | XOM: potion effect (invisibility)
   473 | D:1      | Reached XP level 3. HP: 30/30 MP: 3/3
   734 | D:2      | XOM: god gift: 24 stones
   855 | D:2      | XOM: smoke on damage
  1057 | D:2      | Reached XP level 4. HP: 37/37 MP: 4/4
  1073 | D:2      | Reached skill level 6 in Polearms
  1167 | D:2      | Found a radiant altar of Vehumet.
  1338 | D:3      | Reached skill level 1 in Armour
  1410 | D:4      | Noticed an ogre
  1561 | D:3      | You fall into a shaft and drop 1 floor!
  1562 | D:4      | XOM: enchant monster (good)
  1566 | D:4      | XOM: summons friendly shadow imp
  1577 | D:4      | Killed an ogre
  1577 | D:4      | Reached skill level 1 in Stealth
  1577 | D:4      | Reached XP level 5. HP: 41/42 MP: 5/5
  1581 | D:4      | XOM: noise
  1583 | D:4      | XOM: divination: magic mapping
  1589 | D:4      | Reached skill level 7 in Polearms
  1589 | D:4      | Reached XP level 6. HP: 48/48 MP: 6/6
  1722 | D:3      | Found a runed translucent gate.
  1722 | D:3      | Found a runed translucent gate.
  1722 | D:3      | Found a runed translucent gate.
  1724 | D:3      | Noticed Elvor's ghost (amateur MiFi)
  2141 | D:4      | Found a runed translucent door.
  2141 | D:4      | Noticed lasso's ghost (novice DsVM)
  2141 | D:4      | Identified the cursed +0 leather armour of the Orb {rPois
                  | rC+++ Regen+ Str-3}
  2168 | D:4      | Reached skill level 1 in Throwing
  2331 | D:4      | XOM: god gift: wand of clouds (6)
  2370 | D:4      | Noticed Natasha
  2384 | D:4      | Noticed Natasha
  2384 | D:4      | Natasha changed into Natasha the hound
  2384 | D:4      | XOM: polymorph Natasha -> Natasha the hound
  2397 | D:4      | Killed Natasha the hound
  2443 | D:5      | Entered Level 5 of the Dungeon
  2676 | D:4      | Noticed Natasha
  2683 | D:4      | Killed Natasha
  2755 | D:4      | XOM: give mutation
  2755 | D:4      | Gained mutation: You occasionally shout uncontrollably at
                  | your foes. [Xom's mischief]
  2812 | D:4      | Reached XP level 7. HP: 44/55 MP: 7/7
  2832 | D:4      | XOM: scenery: create altars
  3022 | D:4      | Noticed Natasha
  3035 | D:4      | Killed Natasha
  3160 | D:5      | XOM: god gift: wand of clouds (4)
  3229 | D:5      | Noticed Dowan
  3231 | D:5      | Noticed Duvessa
  3244 | D:5      | Killed Duvessa
  3244 | D:5      | Killed Dowan
  3372 | D:5      | Reached skill level 8 in Polearms
  3392 | D:5      | Found a staircase to the Ecumenical Temple.
  3410 | Temple   | Entered the Ecumenical Temple
  3481 | D:5      | XOM: divination: magic mapping
  3512 | D:5      | Reached skill level 5 in Fighting
  3512 | D:5      | Reached XP level 8. HP: 51/62 MP: 8/8
  3644 | D:5      | Found the +7 Singing Sword {vorpal, sonic wave}
  3682 | D:5      | Reached skill level 9 in Polearms
  3708 | D:5      | Found a shimmering altar of Xom.
  3866 | D:5      | XOM: noise
  3923 | D:5      | XOM: cloud trail
  3935 | D:5      | Found an opulent altar of Gozag.
  3989 | D:5      | Found a runed translucent door.
  3990 | D:5      | Noticed Crazy Yiuf
  3999 | D:5      | XOM: divination: detect items
  4003 | D:5      | XOM: potion effect (stabbing)
  4008 | D:5      | Killed Crazy Yiuf
  4008 | D:5      | Reached skill level 5 in Stealth
  4013 | D:5      | XOM: divination: magic mapping
  4386 | D:6      | XOM: god gift: 31 gold pieces
  4465 | D:6      | Reached skill level 5 in Dodging
  4885 | D:6      | Reached skill level 10 in Polearms
  4963 | D:6      | XOM: noise
  5077 | D:6      | Found Zairedea's Gadget Shoppe.
  5104 | D:6      | Got a polished scale mail
  5105 | D:6      | Identified the +0 scale mail "Xadghur" {rElec rC++} (You
                  | found it on level 6 of the Dungeon)
  5508 | D:6      | Reached XP level 9. HP: 67/69 MP: 9/9
  5523 | D:6      | XOM: god gift: scroll labeled IFRARH ZAAFFAGYOLL {god gift}
  5609 | D:6      | Found a sparkling altar of Nemelex Xobeh.
  5638 | D:6      | XOM: enchant monster (good)
  5740 | D:6      | Found a basalt altar of Yredelemnul.
  5941 | D:7      | XOM: summons 5 hostile demons
  5942 | D:7      | Noticed a soul eater
  6222 | D:8      | XOM: enchant monster (bad)
  6242 | D:8      | XOM: chaos upgrade
  6288 | D:8      | XOM: potion effect (curing)
  6304 | D:8      | XOM: cast spell 'Statue Form'
  6507 | D:8      | Noticed Erica
  6525 | D:8      | Killed Erica
  6525 | D:8      | Reached skill level 11 in Polearms
  6537 | D:8      | XOM: give mutations
  6537 | D:8      | Gained mutation: You do not regenerate when monsters are
                  | visible. [Xom's mischief]
  6537 | D:8      | Gained mutation: You are frail. (-10% HP) [Xom's mischief]
  6858 | D:7      | Reached XP level 10. HP: 69/69 MP: 10/10
  6872 | D:7      | Reached skill level 5 in Throwing
  6897 | D:7      | XOM: god gift: spear {god gift}
  7278 | D:4      | Killed lasso's ghost
  7446 | D:3      | Killed Elvor's ghost
  7726 | D:8      | XOM: give mutations
  7726 | D:8      | Gained mutation: You have an increased reservoir of magic.
                  | (+10% MP) [Xom's mischief]
  7726 | D:8      | Lost mutation: You are frail. (-10% HP) [Xom's mischief]
  7726 | D:8      | Lost mutation: You do not regenerate when monsters are
                  | visible. [Xom's mischief]
  7726 | D:8      | Gained mutation: You are weak. (Str -2) [Xom's mischief]
  7793 | D:9      | Found Buivudwe's Assorted Antiques.
  7811 | D:8      | Killed an unseen horror
  7934 | D:8      | Found a basalt altar of Yredelemnul.
  7994 | D:8      | XOM: noise
  7996 | D:8      | XOM: silly message
  8303 | D:9      | Bought a potion of heal wounds for 155 gold pieces
  8317 | D:9      | Reached skill level 12 in Polearms
  8334 | D:9      | Noticed a two-headed ogre
  8616 | D:9      | Found a shimmering blue altar of Sif Muna.
  8720 | D:9      | Reached XP level 11. HP: 78/84 MP: 12/12
  8783 | D:9      | Found a shattered altar of Ashenzari.
  8783 | D:9      | Found a shadowy altar of Dithmenos.
  8857 | D:9      | XOM: noise
  9001 | D:10     | Entered Level 10 of the Dungeon
  9001 | D:10     | Noticed a two-headed ogre
  9047 | D:9      | XOM: noise
  9081 | D:9      | Noticed a two-headed ogre
  9115 | D:10     | Noticed a two-headed ogre
  9182 | D:10     | XOM: 1-stop teleportation journey
  9198 | D:10     | XOM: noise
  9439 | D:10     | XOM: scenery: create altars
  9449 | D:10     | Killed a two-headed ogre
  9449 | D:10     | Reached skill level 1 in Evocations
  9576 | D:11     | XOM: silly message
  9611 | D:11     | Killed an unseen horror
  9611 | D:11     | Reached skill level 5 in Armour
  9792 | D:11     | XOM: smoke on damage
  9798 | D:11     | Killed an unseen horror
  9879 | D:11     | XOM: give mutation
  9879 | D:11     | Lost mutation: You occasionally shout uncontrollably at
                  | your foes. [Xom's mischief]
  9910 | D:11     | Found a staircase to the Lair.
 10046 | D:11     | XOM: divine lightning
 10046 | D:11     | Noticed a death knight
 10049 | D:11     | XOM: polymorph bullfrog -> porcupine
 10058 | D:11     | Noticed a white ugly thing
 10106 | D:11     | XOM: god gift: morningstar {god gift}
 10308 | D:11     | XOM: enchant monster (bad)
 10316 | D:11     | Noticed a manticore
 10328 | D:11     | Noticed a purple ugly thing
 10393 | D:11     | XOM: confuse monster(s)
 10416 | D:11     | XOM: divination: magic mapping
 10435 | D:10     | XOM: enchant monster (good)
 10442 | D:10     | Reached skill level 1 in Shields
 10474 | D:10     | XOM: 1-stop teleportation journey
 10511 | D:10     | XOM: confuse monster(s)
 10514 | D:10     | XOM: potion effect (might)
 10593 | D:9      | XOM: butterfly on damage
 10609 | D:9      | Killed a two-headed ogre
 10727 | D:9      | XOM: summons friendly crimson imp
 10735 | D:9      | Killed a two-headed ogre
 10735 | D:9      | Reached skill level 10 in Stealth
 10735 | D:9      | Reached XP level 12. HP: 94/94 MP: 14/14
 10916 | D:10     | XOM: 1-stop teleportation journey
 10964 | D:10     | XOM: give mutations
 10964 | D:10     | Gained mutation: Your body sometimes deteriorates upon
                  | taking damage. [Xom's mischief]
 10964 | D:10     | Gained mutation: You are very weak. (Str -4) [Xom's
                  | mischief]
 10964 | D:10     | Gained mutation: You are dopey. (Int -2) [Xom's mischief]
 10964 | D:10     | Gained mutation: You are frail. (-10% HP) [Xom's mischief]
 10965 | D:10     | Lost mutation: You are dopey. (Int -2) [potion of mutation]
 10965 | D:10     | Lost mutation: You are very weak. (Str -4) [potion of
                  | mutation]
 10965 | D:10     | Gained mutation: You have sharp fingernails. [potion of
                  | mutation]
 10965 | D:10     | Gained mutation: You are very weak. (Str -4) [potion of
                  | mutation]
 10965 | D:10     | Gained mutation: Your mind is acute. (Int +2) [potion of
                  | mutation]
 10966 | D:10     | Lost mutation: You are very weak. (Str -4) [potion of
                  | mutation]
 10966 | D:10     | Lost mutation: Your mind is acute. (Int +2) [potion of
                  | mutation]
 10966 | D:10     | Lost mutation: You are weak. (Str -2) [potion of mutation]
 10966 | D:10     | Lost mutation: Your body sometimes deteriorates upon taking
                  | damage. [potion of mutation]
 10966 | D:10     | Gained mutation: You are somewhat resistant to further
                  | mutation. [potion of mutation]
 11107 | D:10     | Learned a level 1 spell: Summon Butterflies
 11192 | D:10     | Reached skill level 13 in Polearms
 11238 | D:10     | Found a staircase to the Orcish Mines.
 11295 | D:10     | Killed a two-headed ogre
 11354 | D:10     | Noticed a two-headed ogre
 11368 | D:10     | Killed a two-headed ogre
 11517 | D:11     | XOM: silly message
 11579 | D:11     | XOM: smoke on damage
 11637 | D:11     | XOM: confusion
 11772 | D:11     | Identified the ring "Reonobogh" {rC+ Str+2}
 11819 | D:11     | XOM: enchant monster (good)
 11854 | D:11     | Got a warped scale mail
 11867 | D:11     | Identified the cursed +0 scale mail of the Depths {rPois
                  | rF++ Str-2 Dex+9} (You found it on level 11 of the Dungeon)
 12120 | D:11     | XOM: summons 2 hostile shadow creatures
 12180 | D:11     | Noticed a two-headed ogre
 12188 | D:11     | Killed a two-headed ogre
 12604 | D:11     | Reached skill level 14 in Polearms
 12719 | D:6      | Bought a tin of tremorstones (3/3) for 520 gold pieces
 12810 | D:11     | XOM: noise
 12836 | Lair:1   | Entered Level 1 of the Lair of Beasts
 12840 | Lair:1   | XOM: 1-stop teleportation journey
 12843 | Lair:1   | XOM: polymorph yak -> shapeshifter
 12888 | Lair:1   | XOM: cast spell 'Summon Butterflies'
 13085 | Lair:1   | XOM: give mutations
 13085 | Lair:1   | Gained mutation: You expend magic power (3 MP) to
                  | strengthen your wands. [Xom's grace]
 13085 | Lair:1   | Gained mutation: You have very sharp fingernails. [Xom's
                  | grace]
 13353 | Lair:2   | Noticed a six-headed hydra
 13354 | Lair:2   | Noticed Fannar
 13356 | Lair:2   | XOM: summons friendly crimson imp
 13432 | Lair:1   | XOM: fog
 13645 | Lair:1   | XOM: polymorph killer bee -> ooze
 13648 | Lair:1   | XOM: potion effect (heal wounds)
 13659 | Lair:1   | XOM: summons friendly white imp
 13670 | Lair:1   | XOM: summons friendly white imp
 13683 | Lair:1   | XOM: scenery: create altars
 13692 | Lair:1   | XOM: polymorph killer bee -> gnoll
 13703 | Lair:1   | XOM: enchant monster (good)
 13720 | Lair:1   | Reached skill level 10 in Fighting
 13728 | Lair:1   | XOM: god gift: plate armour {god gift}
 13743 | Lair:1   | Reached XP level 13. HP: 49/92 MP: 16/16
 13970 | Lair:1   | XOM: cloud trail
 14355 | Lair:2   | XOM: divination: detect creatures
 14548 | Lair:2   | XOM: confuse monster(s)
 14660 | Lair:2   | Killed Fannar
 14763 | Lair:2   | XOM: summons friendly ufetubus
 14811 | Lair:2   | XOM: god gift: 41 gold pieces
 15174 | Lair:2   | Found a staircase to the Swamp.
 15212 | Lair:2   | Reached skill level 5 in Shields
 15301 | Lair:2   | Found a hole to the Spider Nest.
 15700 | Lair:3   | XOM: divination: magic mapping
 15701 | Lair:3   | XOM: divination: magic mapping
 15704 | Lair:3   | XOM: potion effect (brilliance)
 15709 | Lair:3   | XOM: potion effect (haste)
 15715 | Lair:3   | XOM: potion effect (haste)
 15732 | Lair:3   | XOM: cast spell 'Olgreb's Toxic Radiance'
 15736 | Lair:3   | HP: 4/93 [eight-headed hydra (7)]
 15737 | Lair:3   | Mangled by an eight-headed hydra

Illustrated notes

Levels and vault maps discovered:
D:1:      minmay_arrival_diagonal_passages, layout_loops_ring
D:2:      layout_basic, okawaru_ov_weapons_minmay, old_standard_altar,
          overflow_temple_1_default
D:3:      layout_basic, ebering_ghost_rock_garden, first_ration, chequers_jeans
D:4:      layout_loops_cross, ebering_ghost_inner_flame, minmay_manual_mail,
          uniq_natasha
D:5:      old_forge, layout_basic, nicolae_gozag_seed_capital, xom_teletrap_fun,
          minmay_temple_entry_statues, serial_rivers,
          chequers_serial_rivers_large_a, chequers_serial_rivers_small_b,
          chequers_serial_rivers_small_3, chequers_serial_rivers_micro_e,
          uniq_duvessa, uniq_crazy_yiuf_cottage
D:6:      layout_loops_corners, overflow_temple_1_default,
          lemuel_zombie_altar_yredelemnul, serial_shops,
          nicolae_shop_behind_doors, minmay_misc_feat_alley,
          hangedman_abyss_or_decor_lesser_grid
D:7:      layout_rooms, the_bakery
D:8:      layout_rooms, yredelemnul_altar_generic, uniq_erica
D:9:      layout_loops_ring, lemuel_blue_sif_altar,
          gammafunk_temple_overflow_elements, serial_shops, shop,
          mrwooster_statue_mirror, chequers_mini_garden, minmay_quadrilaterals
D:10:     layout_cave_pools, kennysheep_orc_monster_closet_entryway
D:11:     minmay_the_grid_3x3 [minmay_the_grid_small_cups,
          minmay_the_grid_broken_lines, minmay_the_grid_rooms,
          minmay_the_grid_spikes, minmay_the_grid_odd_star, minmay_the_grid_x,
          minmay_the_grid_all_tris, minmay_the_grid_tiny_cups,
          minmay_the_grid_prize_trominoes], layout_stronghold, item_on_display_a
Temple:   nicolae_temple_no_exploring_needed
Lair:1:   layout_roguey [special_room_bee]
Lair:2:   layout_hall_layers, skrybe_swamp_entry_bodies, spider_nest_entry_webs,
          minivault_23, uniq_fannar
Lair:3:   layout_regular_city, st_stairs_10, kennysheep_basilisk_garden,
          minmay_lair_oklob_chamber, infiniplex_staircase_pool,
          grunt_megastairs_5, lemuel_fruit_tree, serial_bayou_shore_a

Skill      XL: |  1  2  3  4  5  6  7  8  9 10 11 12 13 |
---------------+----------------------------------------+-----
Polearms       | 5 6 7 8 10 11 12 14 | 14.6
Dodging        | 3 4 5 6 7 8 9 |  9.1
Fighting       | 4 5 6 7 8 10 | 10.6
Armour         | 1 2 3 4 5 6 |  6.4
Stealth        | 1 3 4 5 7 9 10 | 10.7
Throwing       | 1 2 4 6 8 9 |  9.4
Evocations     | 1 2 |  2.2
Shields        | 2 4 5 |  5.1

Action                   |  1- 3 |  4- 6 |  7- 9 | 10-12 | 13-15 || total
-------------------------+-------+-------+-------+-------+-------++-------
Melee: Spear             |    96 |   203 |   223 |   529 |       ||  1051
       Quarterstaff      |       |       |    86 |       |       ||    86
       Trident           |       |       |       |   429 |   187 ||   616
       Tailslap          |       |       |       |       |     2 ||     2
Throw: Stone             |    10 |    14 |       |       |       ||    24
       Dart              |       |    12 |    26 |    12 |    18 ||    68
       Boomerang         |       |       |    29 |   122 |    27 ||   178
Evoke: Wand              |       |       |     1 |    12 |       ||    13
       Tin of tremorston |       |       |       |       |     1 ||     1
  Use: Potion            |       |     3 |     2 |     8 |     1 ||    14
       Scroll            |       |     4 |     5 |    13 |     2 ||    24
 Stab: Invisible         |     2 |       |       |       |     7 ||     9
       Petrified         |       |     7 |       |       |       ||     7
       Petrifying        |       |     2 |       |       |       ||     2
       Distracted        |       |     1 |       |     6 |     1 ||     8
       Sleeping          |       |     1 |    12 |     9 |     2 ||    24
       Paralysed         |       |     1 |     9 |     8 |       ||    18
       Confused          |       |       |       |     5 |       ||     5
  Eat: Chunk             |       |     6 |     9 |    20 |     4 ||    39
       Ration            |       |       |     1 |     1 |     1 ||     3
Armor: Leather armour    |    27 |    34 |    27 |   107 |       ||   195
       Skin              |       |     7 |       |       |       ||     7
       Scale mail        |       |       |    39 |    51 |   109 ||   199
Dodge: Dodged            |    38 |    78 |    90 |   347 |    75 ||   628
Block: Buckler           |       |       |       |    46 |       ||    46
       Kite shield       |       |       |       |   124 |    85 ||   209
